 Dungeon Crawl Stone Soup version 0.18.1-48-g4cf74bf (webtiles) character file.

2350 Joat the Basher (level 9, -5/45 HPs)
             Began as a Vine Stalker Berserker on Aug 7, 2016.
             Was an Elder of Trog.
             Slain by an orc warrior
             ... wielding a +0 broad axe
              (15 damage)
             ... in a bailey.
             The game lasted 00:42:42 (5972 turns).

Joat the Basher (Vine Stalker Berserker)            Turns: 5972, Time: 00:42:45

Health: -5/45      AC: 11    Str: 21    XL:     9   Next: 43%
Magic:  0/19       EV:  6    Int:  7    God:    Trog [****..]
Gold:   337        SH: 11    Dex: 16    Spells: 0 memorised, 8 levels left

rFire  . . .     SeeInvis .     a - +2 whip
rCold  . . .     Gourm    .     o - +0 chain mail
rNeg   . . .     Faith    .     K - +0 shield
rPois  .         Spirit   +     (no helmet)
rElec  .         Dismiss  .     l - +0 cloak
rCorr  .         Reflect  .     (no gloves)
SustAt .         Harm     .     h - +0 pair of boots
MR     +++..                    (no amulet)
Stlth  ..........               j - ring of magical power
                                F - ring of loudness (curse)

@: exhausted, regenerating, extremely resistant to hostile enchantments,
extremely unstealthy
A: fangs 3, regeneration 2, magic shield, antimagic bite, no device heal 3, rot
immunity
a: Berserk, Trog's Hand, Brothers in Arms, Burn Spellbooks, Renounce Religion


You were in a bailey.
You worshipped Trog.
Trog was greatly pleased with you.
You were hungry.

You visited 2 branches of the dungeon, and saw 8 of its levels.
You also visited: Bailey.

You collected 337 gold pieces.

Inventory:

Hand Weapons
 a - a +2 whip (weapon)
 b - a +0 whip of holy wrath
 v - a +0 blowgun
Missiles
 x - 6 curare-tipped needles
 N - 18 tomahawks of returning (quivered)
Armour
 h - a +0 pair of boots (worn)
 l - a +0 cloak (worn)
 o - a +0 chain mail (worn)
 K - a +0 shield (worn)
Jewellery
 j - a ring of magical power (right hand)
 F - a cursed ring of loudness (left hand)
Wands
 t - a wand of acid (10/15)
 C - a wand of hasting (2/9)
 G - a wand of enslavement (10/24)
Scrolls
 e - 4 scrolls of recharging
 g - 4 scrolls of remove curse
 m - a scroll of blinking
 w - a scroll of enchant armour {unknown}
 y - a scroll of teleportation
 D - a scroll of fog {unknown}
 H - a scroll of brand weapon {unknown}
 J - 2 scrolls of immolation {unknown}
 L - 2 scrolls of magic mapping {unknown}
 M - a scroll of random uselessness {unknown}
Potions
 d - 3 potions of berserk rage {unknown}
 i - 3 potions of heal wounds {unknown}
 k - 3 potions of curing
 n - 4 potions of brilliance {unknown}
 r - a potion of invisibility
 s - a potion of magic {unknown}
 u - 5 potions of flight
 z - 3 potions of degeneration {unknown}
 A - a potion of lignification
 B - 3 potions of agility {unknown}
Comestibles
 c - 4 bread rations
 f - 3 beef jerkies
 p - 3 fruits
 q - 7 meat rations
 E - 5 chunks of flesh
 I - a royal jelly


   Skills:
 + Level 4.3 Fighting
 + Level 8.8 Maces & Flails
 + Level 3.4 Armour
 - Level 1.5 Dodging
 * Level 5.8 Shields


You had 8 spell levels left.
You didn't know any spells.

Dungeon Overview and Level Annotations

Branches:
Dungeon (7/15)             Temple (1/1) D:4

Altars:
Ashenzari
Dithmenos
Elyvilon
Fedhas
Gozag
Kikubaaqudgha
Makhleb
Nemelex Xobeh
Pakellas
Qazlal
Sif Muna
Trog
Vehumet
Xom
Yredelemnul
Zin


Innate Abilities, Weirdness & Mutations

You have razor-sharp teeth.
You heal very quickly.
When hurt, damage is shared between your health and your magic reserves.
Your bite disrupts and absorbs the magic of your enemies.
Potions and wands cannot restore your health.
You are immune to rotting.


Message History

The hobgoblin hits you but does no damage.
The hobgoblin barely misses your black bear.
The orc warrior hits you with a broad axe.
* * * LOW HITPOINT WARNING * * *
Your chain mail prevents you from hitting the orc warrior.
You bite the orc warrior. You drain its power.
You feel invigorated.
The orc warrior is almost dead.
The hobgoblin barely misses you.
The hobgoblin hits your black bear with a hand axe.
Your black bear closely misses the hobgoblin.
Your black bear claws the hobgoblin.
Your black bear barely misses the hobgoblin.
You hit the orc warrior.
You bite the orc warrior, but do no damage.
The orc warrior is almost dead.
Your black bear bites the hobgoblin!
The hobgoblin dies!
Trog accepts your kill.
The orc warrior hits you with a broad axe!!
You die...

#############.####
####.......(..(......
##....)...(..#########
##.........#)##
#.....⌠....#)g#
##.....§.###()#
#########..)oK#.'.g####'####
#≈≈≈≈≈≈#..ho@.###.....g.....
≈≈≈≈≈≈≈≈≈.)....#..####g####
##≈≈≈≈≈≈≈≈≈..####goK.ooo##
###....≈≈≈≈≈≈≈K#KgoKogK#K
##......≈≈≈≈≈#########≈
##.......≈≈≈≈≈≈≈≈≈≈≈≈≈
###........≈≈≈≈≈≈≈≈≈#
####.............##
####......∩..##


You could see 2 orc warriors, a kobold and a friendly black bear (berserk).

Vanquished Creatures
  The ghost of Heedrag the Destroyer, a novice DECj (D:5)
  A hippogriff (D:6)
  2 ice beasts
  A black bear (D:7)
  2 orc warriors (Bailey)
  3 phantoms
  A necrophage (D:7)
  2 ogres
  A centaur (D:5)
  3 giant frogs
  A crimson imp (D:5)
  A hound (D:4)
  2 giant frog zombies (D:6)
  2 giant frog skeletons
  A centaur skeleton (D:4)
  4 iguanas
  2 orc wizards
  6 worker ants
  A hound skeleton (D:4)
  6 adders
  A shadow imp (D:7)
  2 oozes
  4 worms
  2 dart slugs
  3 giant geckos
  17 orcs
  4 bats
  2 giant cockroaches
  10 goblins
  12 hobgoblins
  12 jackals
  20 kobolds
  3 quokkas
  A ball python (D:3)
  7 giant newts
  A quokka skeleton (D:6)
  6 rats
150 creatures vanquished.

Vanquished Creatures (collateral kills)
  A hobgoblin (Bailey)
1 creature vanquished.

Grand Total: 151 creatures vanquished

Notes
Turn   | Place    | Note
--------------------------------------------------------------
     0 | D:1      | Joat the Vine Stalker Berserker began the quest for the Orb.
     0 | D:1      | Reached XP level 1. HP: 11/11 MP: 2/2
    55 | D:1      | Reached skill level 3 in Maces & Flails
    58 | D:1      | Reached XP level 2. HP: 14/16 MP: 3/3
   346 | D:1      | Reached XP level 3. HP: 19/19 MP: 4/4
   410 | D:1      | Reached ** piety under Trog
   669 | D:2      | Reached skill level 4 in Maces & Flails
   750 | D:2      | Reached XP level 4. HP: 19/23 MP: 1/5
  1442 | D:3      | Noticed a giant frog
  1448 | D:3      | Killed a giant frog
  1448 | D:3      | Reached skill level 5 in Maces & Flails
  1448 | D:3      | Reached XP level 5. HP: 27/27 MP: 6/6
  1546 | D:3      | Reached *** piety under Trog
  1582 | D:3      | Found a faded altar to an unknown god.
  1994 | D:3      | Found a bloodstained altar of Trog.
  2227 | D:3      | Gained mutation: You heal very quickly. [Vine Stalker growth]
  2227 | D:3      | Reached XP level 6. HP: 30/32 MP: 7/7
  2504 | D:4      | Reached skill level 6 in Maces & Flails
  2701 | D:4      | Found a radiant altar of Vehumet.
  2779 | D:4      | Reached skill level 7 in Maces & Flails
  2779 | D:4      | Reached XP level 7. HP: 35/35 MP: 8/8
  2813 | D:4      | Found a staircase to the Ecumenical Temple.
  3418 | Temple   | Entered the Ecumenical Temple
  3567 | D:5      | Entered Level 5 of the Dungeon
  3669 | D:5      | Reached skill level 8 in Maces & Flails
  3881 | D:5      | Gained mutation: You have razor-sharp teeth. [Vine Stalker growth]
  3881 | D:5      | Reached XP level 8. HP: 34/40 MP: 9/9
  4087 | D:5      | Found a shadowy altar of Dithmenos.
  4275 | D:5      | Noticed Heedrag's ghost (novice DECj)
  4285 | D:5      | Killed Heedrag's ghost
  4285 | D:5      | Reached **** piety under Trog
  4828 | D:6      | Found an ancient bone altar of Kikubaaqudgha.
  5122 | D:6      | Reached skill level 5 in Shields
  5122 | D:6      | Reached XP level 9. HP: 45/45 MP: 10/10
  5597 | D:7      | Found a flagged portal.
  5614 | Bailey   | Entered a bailey
  5972 | Bailey   | Slain by an orc warrior

Skill      XL: |  1  2  3  4  5  6  7  8  9 |
---------------+----------------------------+-----
Maces & Flails | 3 4 5 7 8 |  8.8
Fighting       | 3 4 |  4.3
Armour         | 2 3 |  3.4
Shields        | 5 |  5.8
Dodging        | |  1.5

Action                   |  1- 3 |  4- 6 |  7- 9 || total
-------------------------+-------+-------+-------++-------
Melee: Mace              |    13 |       |       ||    13
       Bite              |     7 |    48 |   108 ||   163
       Whip              |    54 |   148 |   315 ||   517
       Spear             |     4 |       |       ||     4
Invok: Berserk           |     3 |     2 |     5 ||    10
       Trog's Hand       |       |       |     2 ||     2
       Brothers in Arms  |       |       |     2 ||     2
  Use: Scroll            |     5 |     5 |     2 ||    12
       Potion            |       |       |     1 ||     1
 Stab: Distracted        |       |       |     1 ||     1
  Eat: Chunk             |     2 |     9 |    15 ||    26
Armor: Animal skin       |     5 |       |       ||     5
       Ring mail         |    12 |    33 |     7 ||    52
       Scale mail        |       |       |    38 ||    38
       Chain mail        |       |       |    66 ||    66
Dodge: Dodged            |    37 |    60 |   100 ||   197
Block: Buckler           |       |       |    11 ||    11
       Shield            |       |       |   116 ||   116
